 Dungeon Crawl Stone Soup version 0.27-a0-1139-g28e009f8a6 (webtiles) character file.

Game seed: 15502998846348434938

5 Anon1729 the Skirmisher (level 1, 0/18 HPs)
             Began as a Formicid Berserker on May 7, 2021.
             Was a Follower of Trog.
             Slain by a jackal (2 damage)
             ... on level 1 of the Dungeon.
             The game lasted 00:00:13 (97 turns).

Anon1729 the Skirmisher (Formicid Berserker)          Turns: 97, Time: 00:00:14

Health: 0/18       AC:  2    Str: 21    XL:     1   Next: 88%
Magic:  1/1        EV: 12    Int:  6    God:    Trog [*.....]
Gold:   0          SH:  0    Dex: 10    Spells: 0/0 levels left

rFire    . . .     SeeInvis +   a - +0 falchion
rCold    . . .     Faith    .   (no shield)
rNeg     . . .     Spirit   .   b - +0 animal skin
rPois    .         Reflect  .   (helmet unavailable)
rElec    .         Harm     .   (no cloak)
rCorr    .         Rampage  .   (no gloves)
Will     .....                  (no boots)
Stlth    +.........             (no amulet)
HPRegen  0.06/turn              (no ring)
MPRegen  0.07/turn              (no ring)

@: no status effects
A: permanent stasis, dig shafts and tunnels, antennae 3, four strong arms
a: Dig, Shaft Self, Renounce Religion


You were on level 1 of the Dungeon.
You worshipped Trog.
Trog was aware of your devotion.
You visited 1 branch of the dungeon, and saw 1 of its levels.

Inventory:

Hand Weapons
 a - a +0 falchion (weapon)
Armour
 b - a +0 animal skin (worn)


   Skills:
 + Level 3.4 Fighting
 + Level 3.1 Long Blades
 + Level 2.3 Armour
 + Level 1.9 Dodging


You couldn't memorise any spells.
You didn't know any spells.
Your spell library was empty.

Dungeon Overview and Level Annotations

Branches:
Dungeon (1/15)

Altars:


Innate Abilities, Weirdness & Mutations

You cannot be hasted, slowed, berserked, paralysed or teleported.
You can dig through walls and to a lower floor.
You have a pair of large antennae on your head. (SInv)
Your four strong arms can wield two-handed weapons with a shield.


Message History

A ball python comes into view.
The jackal barks!
The ball python hisses angrily.
You hear a bark!
A quokka comes into view.
A jackal comes into view. x2
A hobgoblin comes into view.
The ball python moves out of view.
The hobgoblin shouts!
Found 8 stones.
A jackal comes into view.
The jackal barks!
The jackal misses you. The jackal barely misses you. The quokka bites you.
The jackal closely misses you. The ball python closely misses you.
The ball python misses you. The quokka closely misses you.
You barely miss the jackal. The jackal barely misses you.
The quokka closely misses you.
You riposte.
You miss the quokka.
The ball python bites you but does no damage.
The ball python grabs you. The ball python constricts you.
The jackal bites you. x3; The ball python closely misses you.
The ball python constricts you. The quokka barely misses you.
You closely miss the quokka. The jackal barely misses you. x2
The quokka barely misses you.
You riposte.
You closely miss the quokka. The jackal bites you.
The ball python completely misses you.
You riposte.
You hit the ball python.
You kill the ball python!
Trog accepts your kill.
You hit the quokka.
The quokka is almost dead.
The jackal completely misses you. The jackal misses you. The jackal bites you.
The quokka barely misses you.
You riposte.
You closely miss the quokka.
The quokka is almost dead.
The jackal bites you. The hobgoblin closely misses you. The jackal bites you.
* * * LOW HITPOINT WARNING * * *
The jackal misses you.
You riposte.
You hit the jackal.
The jackal is lightly wounded.
The quokka bites you.
* * * LOW HITPOINT WARNING * * *
You closely miss the quokka.
The quokka is almost dead.
The jackal bites you.
You die...

####.#....##.#
.............#.....##
######.....#.#.......
#.....#.#.....#
#####'###...#.....#
#.......##..#..(..#
#.......##.##.....#
#......[....#.grh.#
#............hh@h.#
###..........###....#
#........#># .......
#........#... .#...##
#........#...........
#........#####.# +###
#..>.....# .#
########## .#


You could see a quokka, 4 jackals and a hobgoblin.

Vanquished Creatures
  2 ball pythons (D:1)
  2 giant cockroaches (D:1)
  A frilled lizard (D:1)
5 creatures vanquished.

Notes
Turn   | Place    | Note
-------+----------+-------------------------------------------
     0 | D:1      | Anon1729 the Formicid Berserker began the quest for the
                  | Orb.
     0 | D:1      | Reached XP level 1. HP: 18/18 MP: 1/1
    97 | D:1      | Slain by a jackal

Illustrated notes

Levels and vault maps discovered:
D:1:      psy_arrival_terrarium, layout_basic

Action                   || total
-------------------------++-------
Melee: Falchion          ||    10
Armor: Animal skin       ||     2
Dodge: Dodged            ||    25
       Rpst.: Falchion   ||     7

Table legend: (Time is in decaauts)
 A = Elapsed time spent in this place.
 B = Non-inter-level travel time spent in this place.
 C = Inter-level travel time spent in this place.
 D = Time resting spent in this place.
 E = Time spent auto-exploring this place.
 F = Levels seen in this place.
 G = Mean time per level.
                   A        B        C        D        E       F      G
               +--------+--------+--------+--------+--------+-----+--------+
         Total |     98 |     98 |      0 |      0 |     65 |   1 |   98.0 |
       Dungeon |     98 |     98 |      0 |      0 |     65 |   1 |   98.0 |
               +--------+--------+--------+--------+--------+-----+--------+

Top non-repeatable levels by time:
     D:1: 98 daAuts
